 Dungeon Crawl Stone Soup version 0.30-a0-830-gfe289a77b0 (webtiles) character file.

Game seed: 12065498316097103150

16783 lunkers the Nimble (level 13, -1/183 HPs)
             Began as a Meteoran Fighter on Feb 28, 2023.
             Was an Initiate of Gozag.
             Slain by a skyshark (9 damage)
             ... on level 3 of the Lair of Beasts.
             The game lasted 00:19:53 (6644 turns).

lunkers the Nimble (Meteoran Fighter)               Turns: 6644, Time: 00:19:53

Health: -1/183     AC: 26    Str: 19    XL:     13   Next: 8%
Magic:  14/14      EV:  2    Int: 10    God:    Gozag
Gold:   1678       SH: 10    Dex: 18    Spells: 12/12 levels left

rFire   . . .      SeeInvis +    a - +3 dagger (elec)
rCold   . . .      Faith    .    c - +0 buckler
rNeg    . . .      Spirit   .    (body armour currently unavailable)
rPois   +          Reflect  +    (helmet currently unavailable)
rElec   .          Harm     .    (cloak currently unavailable)
rCorr   .          Rampage  .    (gloves currently unavailable)
Will    +....      NoTele   +    (boots currently unavailable)
Stlth   +                        v - amulet of reflection
HPRegen 0.50/turn                s - ring of see invisible
MPRegen 0.14/turn                m - ring of poison resistance

@: tree-form, glowing, studying Polearms
A: stationary, stasis, torment immunity, boosted hp, sense surroundings 2,
otherworldly, glowing, explore regen
a: Renounce Religion, Potion Petition, Call Merchant, Bribe Branch


You were on level 3 of the Lair of Beasts.
You worshipped Gozag.
Gozag was most pleased with you.
You were a tree.
You visited 3 branches of the dungeon, and saw 15 of its levels.

You collected 1797 gold pieces.
You paid 119 gold pieces to Gozag.

Inventory:

Hand Weapons
 a - a +3 dagger of electrocution (weapon)
 n - a +0 long sword
 w - a +2 falchion of freezing
Missiles
 A - 4 throwing nets
Armour
 c - a +0 buckler (worn)
 h - a +0 pair of gloves (melded)
 i - a +2 cloak of willpower (melded)
 k - a +3 ring mail of fire resistance (melded)
 q - a +0 pair of boots (melded)
 t - a +0 helmet (melded)
 x - +2 acid dragon scales
Jewellery
 m - a ring of poison resistance (right branch)
 s - a ring of see invisible (left branch)
 v - an amulet of reflection (around neck)
 G - a ring of protection from fire
Wands
 b - a wand of charming (9)
 y - a wand of polymorph (3)
 B - a wand of mindburst (5)
 I - a wand of iceblast (2)
Scrolls
 o - 2 scrolls of vulnerability
 r - a scroll of enchant weapon
 F - a scroll of poison
Potions
 d - 3 potions of might
 e - 2 potions of lignification
 f - a potion of heal wounds
 j - 2 potions of flight
 l - a potion of magic
 p - 3 potions of ambrosia
 u - 8 potions of curing
 z - 3 potions of attraction
 C - a potion of mutation {unknown}
 D - 2 potions of cancellation
 E - 2 potions of haste
Miscellaneous
 H - a box of beasts


   Skills:
 + Level 13.1 Fighting
 - Level 8.9(10.0) Short Blades
 - Level 7.7(9.9) Long Blades
 - Level 6.0 Armour
 + Level 13.6 Dodging
 - Level 3.6 Shields
 - Level 4.0 Evocations


You had 12 spell levels left.
You didn't know any spells.
Your spell library contained the following spells:

 Spells                   Type           Power      Damage    Failure   Level
 Freeze                   Ice            0%         1d3       45%         1
 Magic Dart               Conj           0%         1d3       45%         1
 Blink                    Tloc           0%         N/A       58%         2
 Call Imp                 Summ           0%         N/A       58%         2
 Searing Ray              Conj           0%         2d4       58%         2
 Frozen Ramparts          Ice            0%         1d1       83%         3
 Hailstorm                Conj/Ice       0%         3d3       83%         3
 Inner Flame              Hex/Fire       0%         N/A       83%         3
 Mephitic Cloud           Conj/Pois/Air  0%         N/A       83%         3
 Portal Projectile        Hex/Tloc       0%         N/A       83%         3
 Tukima's Dance           Hex            0%         N/A       83%         3
 Airstrike                Air            0%         2d(0-16)  99%         4
 Cause Fear               Hex            0%         N/A       99%         4
 Fulminant Prism          Conj/Hex       0%         3d5       99%         4
 Manifold Assault         Tloc           0%         N/A       99%         4
 Summon Lightning Spire   Summ/Air       0%         N/A       99%         4
 Blade Hands              Tmut           0%         N/A       100%        5
 Lightning Bolt           Conj/Air       0%         1d11      100%        5
 Storm Form               Tmut/Air       0%         N/A       100%        7
 Discord                  Hex            0%         N/A       100%        8


Dungeon Overview and Level Annotations

Branches:
Dungeon (11/15) Zot: 1418  Temple (1/1) D:7 Zot: 552    Lair (3/5) D:11 Zot: 920
  Snake (0/4) Lair:2
  Swamp: Lair:2-3    Shoals: Lair:2-3       Orc: D:9-12

Altars:
Ashenzari
Cheibriados
Dithmenos
Elyvilon
Fedhas
Gozag
Hepliaklqana
Kikubaaqudgha
Makhleb
Nemelex Xobeh
Okawaru
Qazlal
Ru
Sif Muna
Trog
Uskayaw
Vehumet
Wu Jian
Xom
Yredelemnul
The Shining One

Shops:
D:6 ?

Annotations:
D:8 2 transporters, Farfigtubin's ghost, novice KoBr
D:9 exclusion: orange crystal statue
Temple 2 transporters


Innate Abilities, Weirdness & Mutations

You are a tree.
Your roots penetrate the ground, keeping you stationary.
You cannot be teleported.
You are immune to unholy pain and torment.
Your maximum health is greatly increased.
Your equipment is partially melded.
You passively map the area around you.
You are easily found by Zot.
You glow in the dark.
You regain HP and MP as you explore.


Message History

Press: ? - help, Shift-Dir - straight line, f - skyshark
Aim: a skyshark (moderately wounded, berserk, chance to affect: 64%)
The skyshark's mind is blasted!
You block the skyshark's attack. The skyshark tail-slaps you.
* * * LOW HITPOINT WARNING * * *
You block the skyshark's attack.
Aiming: Mindburst
Press: ? - help, Shift-Dir - straight line, f/p - skyshark
Aim: a skyshark (heavily wounded, berserk, chance to affect: 64%)
The skyshark's mind is blasted!
The skyshark bites you but does no damage.
The skyshark tail-slaps you but does no damage.
The skyshark tail-slaps you.
* * * LOW HITPOINT WARNING * * *
The skyshark bites you!
* * * LOW HITPOINT WARNING * * *
You block the skyshark's attack. x2
Aiming: Mindburst
Press: ? - help, Shift-Dir - straight line, f/p - skyshark
Aim: a skyshark (heavily wounded, berserk, chance to affect: 64%)
The skyshark's mind is blasted!!
You block the skyshark's attack.
The skyshark tail-slaps you but does no damage.
You block the skyshark's attack.
Aiming: Mindburst
Press: ? - help, Shift-Dir - straight line, f/p - skyshark
Aim: a skyshark (severely wounded, berserk, chance to affect: 64%)
The skyshark's mind is blasted!!
You block the skyshark's attack. The skyshark tail-slaps you.
* * * LOW HITPOINT WARNING * * *
The skyshark tail-slaps you but does no damage.
The skyshark bites you!!
* * * LOW HITPOINT WARNING * * *
You block the skyshark's attack.
The skyshark tail-slaps you but does no damage.
Aiming: Mindburst
Press: ? - help, Shift-Dir - straight line, f/p - skyshark
Aim: a skyshark (almost dead, berserk, chance to affect: 64%)
The skyshark struggles to resist.
The skyshark bites you!
You die...
Your body crumbles into a pile of gold.

***,,,,*,,,,,,,,,*,,,,,,*
*,##,,,,.............,,**
*.P..,,,,..........P#.**
*##.....,,,,...........#**
#.......,,,,,.#.........,**
..........#**#..........,,*
..........####......P#**,**
..........##.........##***
...........#*#..♣l....###
..........P###..........#
..........###..........#*
..........##...........#
..........#.#..........#*
........#...............#*
.......####..............*
....#.## ###..........##*
#..##.# *#...........#**


You could see a skyshark (berserk).

Vanquished Creatures
  2 two-headed ogres (D:11)
  A cyclops (Lair:1)
  A manticore (D:11)
  10 elephants (Lair:3)
  A cane toad (Lair:1)
  2 gargoyles (D:11)
  An unseen horror (D:10)
  Maggie (D:6)
  2 komodo dragons
  A troll (shapeshifter) (D:10)
  2 trolls
  A hornet (D:10)
  2 blink frogs (Lair:3)
  4 wraiths
  A wyvern (D:9)
  2 basilisks
  A steam dragon (D:9)
  4 yaks (D:10)
  3 vampire mosquitoes (D:11)
  Menkaure (D:4)
  2 acid dragons
  Duvessa (D:7)
  2 water moccasins
  4 orc warriors
  4 black bears
  An ogre (D:4)
  17 wolves
  2 centaurs
  A phantom (D:6)
  A kobold brigand (D:9)
  A necrophage (D:7)
  7 bullfrogs
  9 scorpions
  15 wights
  Dowan (D:7)
  6 killer bees (D:8)
  3 howler monkeys
  An electric eel (Lair:1)
  2 hounds
  A jelly (D:6)
  9 orc priests
  A gnoll bouda (D:4)
  3 iguanas
  Terence (D:2)
  Ijyb (D:4)
  8 orc wizards
  4 adders
  3 gnolls (D:4)
  3 shadow imps (D:7)
  A white imp (D:6)
  2 ufetubi
  3 worms
  A dart slug (D:2)
  29 orcs
  5 ball pythons
  4 endoplasms
  4 giant cockroaches
  6 goblins
  4 hobgoblins
  2 quokkas
  3 bats
  3 frilled lizards (D:2)
  15 kobolds
  2 rats (D:1)
241 creatures vanquished.

Vanquished Creatures (others)
  An adder (D:6)
  14 fungi
  11 plants
26 creatures vanquished.

Grand Total: 267 creatures vanquished

Notes
Turn   | Place    | Note
-------+----------+-------------------------------------------
     0 | D:1      | lunkers the Meteoran Fighter began the quest for the Orb.
     0 | D:1      | Reached XP level 1. HP: 19/19 MP: 2/2
    94 | D:1      | Reached XP level 2. HP: 12/26 MP: 3/3
   325 | D:2      | Reached XP level 3. HP: 29/31 MP: 4/4
   363 | D:2      | Noticed Terence
   385 | D:2      | Killed Terence
   386 | D:2      | Reached skill level 5 in Long Blades
   386 | D:2      | Reached XP level 4. HP: 9/38 MP: 5/5
   627 | D:2      | Reached XP level 5. HP: 30/45 MP: 6/6
  1185 | D:4      | Noticed Menkaure
  1228 | D:4      | Killed Menkaure
  1229 | D:4      | Reached XP level 6. HP: 51/51 MP: 7/7
  1269 | D:4      | Noticed Ijyb
  1289 | D:4      | Killed Ijyb
  1322 | D:4      | Reached skill level 1 in Short Blades
  1322 | D:4      | Reached XP level 7. HP: 16/57 MP: 8/8
  1472 | D:4      | Found a shimmering altar of Xom.
  1614 | D:5      | Entered Level 5 of the Dungeon
  1736 | D:5      | Reached skill level 5 in Short Blades
  1736 | D:5      | Reached XP level 8. HP: 63/63 MP: 9/9
  2264 | D:6      | Noticed Maggie
  2295 | D:6      | Killed Maggie
  2296 | D:6      | Gained mutation: You passively map the area around you.
                  | [Meteoran growth]
  2296 | D:6      | Reached XP level 9. HP: 20/70 MP: 10/10
  2355 | D:6      | Found Tuddicas's Magic Scroll Shoppe.
  2446 | D:6      | Reached skill level 1 in Dodging
  2446 | D:6      | Reached skill level 1 in Evocations
  2780 | D:7      | Found a staircase to the Ecumenical Temple.
  2790 | Temple   | Entered the Ecumenical Temple
  2790 | Temple   | Found a transporter.
  2790 | Temple   | Found a transporter.
  2792 | Temple   | Found a transporter.
  2792 | Temple   | Found a transporter.
  2821 | Temple   | Became a worshipper of Gozag Ym Sagoz the Greedy
  2967 | D:7      | Noticed Dowan
  2968 | D:7      | Noticed Duvessa
  2981 | D:7      | Killed Duvessa
  2995 | D:7      | Killed Dowan
  2996 | D:7      | Reached skill level 5 in Armour
  3086 | D:8      | Reached skill level 5 in Fighting
  3156 | D:8      | Reached XP level 10. HP: 81/81 MP: 11/11
  3383 | D:8      | Found a transporter.
  3383 | D:8      | Noticed Farfigtubin's ghost (novice KoBr)
  3386 | D:8      | Found a transporter.
  3435 | D:8      | Reached skill level 5 in Dodging
  3850 | D:9      | Noticed an orange crystal statue
  4208 | D:10     | Entered Level 10 of the Dungeon
  4282 | D:10     | Found a shadowy altar of Dithmenos.
  4282 | D:10     | Found a snail-covered altar of Cheibriados.
  4284 | D:10     | Found a broken altar of Ashenzari.
  4290 | D:10     | Noticed an unseen horror
  4309 | D:10     | Killed an unseen horror
  4391 | D:10     | Reached XP level 11. HP: 88/94 MP: 12/12
  5172 | D:11     | Reached skill level 10 in Fighting
  5172 | D:11     | Reached skill level 10 in Dodging
  5216 | D:11     | Noticed a manticore
  5257 | D:11     | Killed a manticore
  5277 | D:11     | Noticed a two-headed ogre
  5294 | D:11     | Killed a two-headed ogre
  5296 | D:11     | Noticed a two-headed ogre
  5310 | D:11     | Killed a two-headed ogre
  5311 | D:11     | HP: 1/151 [gargoyle/stone arrow (24)]
  5348 | D:11     | Reached XP level 12. HP: 26/108 MP: 13/13
  5559 | D:11     | Found a staircase to the Lair.
  5574 | Lair:1   | Entered Level 1 of the Lair of Beasts
  5574 | Lair:1   | Noticed Harold
  5577 | Lair:1   | Harold changed into Harold the cyclops
  5577 | Lair:1   | Noticed Harold
  5586 | Lair:1   | Killed Harold the cyclops
  5920 | Lair:2   | Found a staircase to the Snake Pit.
  6344 | Lair:3   | Reached XP level 13. HP: 67/122 MP: 14/14
  6643 | Lair:3   | HP: 7/183 [skyshark (23)]
  6644 | Lair:3   | Slain by a skyshark

Illustrated notes

Levels and vault maps discovered:
D:1:      dpeg_arrival_pond, layout_loops_cross, minmay_door_square,
          lexackson_kobold_supper
D:2:      layout_basic, grunt_ministairs_7, minmay_unequal, uniq_terence,
          uniq_sigmund
D:3:      layout_rooms, kennysheep_generic_room_2
D:4:      layout_cave_pools, old_standard_altar, uniq_menkaure, uniq_ijyb
D:5:      layout_basic, serial_rivers, chequers_serial_rivers_micro_a,
          chequers_serial_rivers_small_b, chequers_serial_rivers_micro_d,
          chequers_serial_rivers_micro_a, chequers_serial_rivers_room_b
D:6:      layout_basic, serial_shops, shop_fountains, uniq_maggie
D:7:      layout_rooms, temple_green, gammafunk_ghost_smash, uniq_duvessa
D:8:      layout_loops_cross, zin_statuary, gammafunk_ghost_hive
D:9:      layout_loops_ring, grunt_decor_mini_mirrors, minivault_16
D:10:     layout_long_grid, nicolae_overflow_hidden_temple,
          kennysheep_generic_room_3
D:11:     layout_big_octagon, grunt_lair_entry_orc_guard_hut, serial_glass,
          glass_columns_a, glass_columns_a, minmay_strange_pillars,
          item_on_display_a, feat_on_display, minmay_diced_spiral
Temple:   hellmonk_temple_divided_pantheon
Lair:1:   layout_regular_city, lemuel_fruit_tree, grunt_megastairs_3,
          infiniplex_staircase_pool, uniq_harold, uniq_urug
Lair:2:   nzn_winding_woodlands_cross [nzn_winding_woodlands_5x15_split_checker,
          nzn_winding_woodlands_5x15_cabin,
          nzn_winding_woodlands_5x15_longhouse,
          nzn_winding_woodlands_5x15_crooked,
          nzn_winding_woodlands_15x15_thick_spiral], layout_regular_city,
          swamp_mist, dummy_snake_entry, grunt_forest_large_clearings
Lair:3:   layout_cave_pods, gauntlet_entry_generic, uniq_amaemon

Skill      XL: |  1  2  3  4  5  6  7  8  9 10 11 12 |
---------------+-------------------------------------+-----
Long Blades    | 3 4 5 7 |  7.7
Short Blades   | 1 5 8 |  8.9
Dodging        | 3 7 11 13 | 13.6
Evocations     | 4 |  4.0
Fighting       | 5 8 10 13 | 13.1
Armour         | 5 6 |  6.0
Shields        | |  3.6

Action                     |  1- 3 |  4- 6 |  7- 9 | 10-12 | 13-15 || total
---------------------------+-------+-------+-------+-------+-------++-------
  Melee: Long sword        |    53 |   116 |       |       |       ||   169
         Dagger            |       |    13 |   338 |   948 |    47 ||  1346
  Evoke: Wand              |       |       |     2 |     7 |     5 ||    14
    Use: Potion            |     1 |     2 |       |     1 |     1 ||     5
         Scroll            |       |     5 |     7 |    12 |     1 ||    25
   Stab: Distracted        |       |       |       |     4 |       ||     4
 Armour: Scale mail        |    21 |       |       |       |       ||    21
         Ring mail         |       |    76 |    91 |   227 |     6 ||   400
         Skin              |       |     8 |       |       |    15 ||    23
  Dodge: Dodged            |    21 |    52 |    74 |   383 |    15 ||   545
  Block: Buckler           |    10 |    37 |    71 |   410 |    30 ||   558
         Reflection        |       |       |       |     6 |       ||     6

Table legend: (Time is in decaauts)
 A = Elapsed time spent in this place.
 B = Non-inter-level travel time spent in this place.
 C = Inter-level travel time spent in this place.
 D = Time resting spent in this place.
 E = Time spent auto-exploring this place.
 F = Levels seen in this place.
 G = Mean time per level.
                   A        B        C        D        E       F      G
               +--------+--------+--------+--------+--------+-----+--------+
         Total |   6107 |   5889 |    218 |      7 |   3818 |  15 |  407.1 |
       Dungeon |   5181 |   4963 |    218 |      7 |   3348 |  11 |  471.0 |
        Temple |     47 |     47 |      0 |      0 |      2 |   1 |   47.0 |
          Lair |    878 |    878 |      0 |      0 |    468 |   3 |  292.7 |
               +--------+--------+--------+--------+--------+-----+--------+

Top non-repeatable levels by time:
    D:10: 808 daAuts
     D:6: 630 daAuts
     D:8: 620 daAuts
     D:2: 591 daAuts
  Lair:3: 477 daAuts
     D:9: 443 daAuts
    D:11: 419 daAuts
     D:4: 418 daAuts
     D:5: 396 daAuts
     D:1: 328 daAuts
     D:3: 303 daAuts
     D:7: 222 daAuts
  Lair:1: 212 daAuts
  Lair:2: 188 daAuts
  Temple: 47 daAuts
